Map: Overgrown Facility

Players

JokeR - Winner!

  • Race: Zerg Zerg
  • Spawn Location: 9:00

PureLegacy - Winner!

  • Race: Terran Terran
  • Spawn Location: 7:00

foxdie

  • Race: Zerg Zerg
  • Spawn Location: 3:00

Emerc

  • Race: Terran Terran
  • Spawn Location: 1:00

VOD

Have the link to the VOD?

Description

Time

  • Played on: Nov. 20, 2018, 1:04 p.m.
  • Length: 5:21
Show
View Real Time Build Order
Export as new Build Order

JokeR Zerg - Winner!

Build Orders: Pool First 

Get SALT Encoding   

  12  0:01  Drone  
  13  0:20  Extractor  
  12  0:32  Spawning Pool  
  12  0:33  Drone  
  12  0:39  Drone  
  13  0:46  Drone  
  13  0:49  Overlord  
  14  1:19  Queen  
  14  1:23  Metabolic Boost  
  16  1:32  Zergling x6  
  19  1:44  Zergling x2  
  20  1:55  Zergling x2  
  21  2:14  Overlord  
  21  2:17  Zergling x2  
  22  2:29  Hatchery  
  21  2:30  Spore Crawler  
  20  2:44  Zergling x6  
  24  2:52  Zergling x2  
  25  2:59  Queen  
  25  3:01  Overlord  
  23  3:15  Zergling x8  
  25  3:21  Zergling x2  
  22  3:57  Zergling x10  
  22  3:58  Zergling x4  
  26  4:07  Zergling x2  
  26  4:12  Zergling x8  
  30  4:22  Drone  
  30  4:23  Drone  
  30  5:02  Zergling x2  
  30  5:03  Zergling x16  
Show
View Real Time Build Order
Export as new Build Order

PureLegacy Terran - Winner!

Build Orders:  

Get SALT Encoding   

  12  0:02  SCV  
  14  0:14  SCV  
  14  0:19  Supply Depot  
  14  0:26  SCV  
  15  0:30  Refinery  
  15  0:40  SCV  
  16  0:46  Barracks  
  16  0:52  SCV  
  17  1:05  Barracks  
  17  1:17  Barracks  
  17  1:23  SCV  
  18  1:34  Reaper  
  19  1:41  Orbital Command  
  19  1:49  Refinery  
  19  1:53  Reaper  
  20  2:05  Reaper  
  21  2:09  Supply Depot  
  21  2:10  Reaper  
  21  2:13  SCV  
  23  2:31  Reaper, SCV, Supply Depot  
  25  2:41  Reaper  
  26  2:47  Reaper  
  27  2:52  SCV  
  28  3:03  Reaper  
  28  3:13  Reaper  
  28  3:19  Reaper  
  30  3:22  Command Center  
  30  3:23  SCV  
  31  3:35  Reaper  
  31  3:37  Supply Depot  
  31  3:38  SCV  
  33  3:45  Reaper  
  33  3:51  Reaper, SCV  
  35  4:05  Barracks  
  35  4:07  Barracks  
  35  4:14  Reaper  
  36  4:17  Reaper, SCV  
  36  4:24  Reaper  
  39  4:31  SCV  
  39  4:34  Orbital Command  
  40  4:43  SCV  
  41  4:46  Reaper  
  43  5:01  SCV x2  
  43  5:04  Refinery  
  43  5:05  Refinery  
Show
View Real Time Build Order
Export as new Build Order

foxdie Zerg 

Build Orders: Hatch First 

Get SALT Encoding   

  12  0:01  Drone  
  13  0:12  Overlord  
  13  0:19  Drone  
  14  0:31  Drone x2  
  16  0:52  Hatchery  
  16  0:54  Drone  
  16  0:58  Drone  
  17  1:13  Spawning Pool  
  17  1:17  Drone, Extractor  
  16  1:20  Drone  
  16  1:24  Drone  
  18  1:28  Drone  
  19  1:39  Overlord  
  19  1:51  Drone  
  20  2:04  Queen  
  20  2:05  Queen  
  20  2:06  Zergling x2  
  20  2:08  Zergling x2  
  26  2:14  Drone  
  27  2:20  Metabolic Boost  
  27  2:24  Drone  
  27  2:28  Zergling x2  
  29  2:32  Zergling x2  
  29  2:35  Zergling x2  
  31  2:46  Zergling x2  
  32  2:52  Overlord  
  32  3:06  Zergling x4  
  32  3:09  Zergling x4  
  32  3:22  Zergling x4  
  32  3:23  Zergling x4  
  32  3:26  Zergling x8  
  38  3:32  Spine Crawler  
  37  3:36  Baneling Nest  
  37  3:38  Zergling x2  
  37  3:39  Zergling x4  
  36  4:02  Zergling x8  
  35  4:04  Zergling x8  
  36  4:25  Baneling x4  
  36  4:26  Baneling x2  
  36  4:29  Zergling x4  
  36  4:30  Zergling x4  
  39  4:33  Drone  
  33  5:00  Zergling x6  
Show
View Real Time Build Order
Export as new Build Order

Emerc Terran 

Build Orders:  

Get SALT Encoding   

  12  0:01  SCV  
  13  0:13  SCV  
  14  0:18  Supply Depot  
  14  0:25  SCV  
  15  0:40  SCV  
  15  0:42  Barracks  
  16  0:46  Refinery  
  16  0:52  SCV  
  17  0:59  Refinery  
  17  1:04  SCV  
  18  1:19  SCV  
  19  1:29  Reaper  
  19  1:31  Orbital Command  
  19  1:32  Supply Depot  
  20  1:54  Factory  
  20  1:58  SCV  
  21  2:01  Barracks Reactor  
  21  2:11  SCV  
  22  2:23  SCV  
  23  2:40  Hellion, Marine x2  
  10  3:11  Marine x2  
  10  3:12  Hellion  
  5  3:41  Hellion  
  4  3:51  SCV  
  3  4:04  Hellion  
  5  4:16  SCV  
  3  4:38  SCV  
  3  4:41  Marine  
  6  4:47  Factory Tech Lab  
  4  5:05  SCV  
Tags
 
Add a new tag
Caveats
  • Supply blocks, unpowered buildings, or Contaminate may cause inaccurate times.
  • Supply counts are checked every 10 seconds.